 Dungeon Crawl Stone Soup version 0.27-a0-1193-g8631133539 (webtiles) character file.

Game seed: 2268751447441637117

1666 robertstho the Skirmisher (level 8, 0/64 (73) HPs)
             Began as a Red Draconian Berserker on May 26, 2021.
             Was a Priest of Trog.
             Slain by a wight
             ... wielding a +1 battleaxe
              (7 damage)
             ... on level 6 of the Dungeon.
             The game lasted 00:07:33 (7336 turns).

robertstho the Skirmisher (Red Draconian Berserker) Turns: 7336, Time: 00:07:34

HP:   0/64 (73)     AC:  7    Str: 22    XL:     8   Next: 69%
MP:   8/8           EV: 13    Int:  7    God:    Trog [***...]
Gold: 170           SH:  3    Dex: 11    Spells: 7/7 levels left

rFire    + . .     SeeInvis .   a - +1 spear
rCold    . . .     Faith    .   r - +0 buckler
rNeg     . . .     Spirit   .   (armour unavailable)
rPois    .         Reflect  .   (helmet restricted)
rElec    .         Harm     .   (no cloak)
rCorr    .         Rampage  .   (no gloves)
Will     .....                  t - +0 pair of boots
Stlth    ++........             (no amulet)
HPRegen  0.20/turn              (no ring)
MPRegen  0.11/turn              (no ring)

@: on berserk cooldown, slowed, heavily drained, very slow
A: breathe fire, AC +6, unfitting armour, fire resistance 1, cold-blooded
a: Breathe Fire, Renounce Religion, Berserk, Trog's Hand


You were on level 6 of the Dungeon.
You worshipped Trog.
Trog was most pleased with you.
You visited 1 branch of the dungeon, and saw 6 of its levels.

You collected 306 gold pieces.
You spent 136 gold pieces at shops.

Inventory:

Hand Weapons
 a - a +1 spear (weapon)
Armour
 r - a +0 buckler (worn)
 t - a +0 pair of boots (worn)
Wands
 y - a wand of flame (24)
Scrolls
 c - a scroll of teleportation {unknown}
 f - a scroll of magic mapping {unknown}
 h - a scroll of summoning {unknown}
 i - 2 scrolls of fear
 j - a scroll of enchant weapon
 l - 3 scrolls of identify
 m - a scroll of vulnerability
 q - 2 scrolls of fog
 u - a scroll of blinking
Potions
 b - a potion of mutation {unknown}
 d - 2 potions of magic {unknown}
 e - a potion of lignification {unknown}
 g - a potion of attraction {unknown}
 k - a potion of resistance {unknown}
 n - a potion of ambrosia {unknown}
 o - a potion of berserk rage {unknown}
 p - a potion of brilliance {unknown}
 s - a potion of heal wounds {unknown}
 v - a potion of curing
 w - a potion of might
 x - a potion of invisibility


   Skills:
 * Level 7.0 Fighting
 + Level 6.5 Polearms
 * Level 6.1 Dodging
 * Level 4.1 Stealth
 + Level 1.0 Shields


You had 7 spell levels left.
You didn't know any spells.
Your spell library was empty.

Dungeon Overview and Level Annotations

Branches:
Dungeon (6/15)
 Temple: D:4-7

Altars:
Dithmenos
Fedhas
Hepliaklqana
Nemelex Xobeh

Shops:
D:1 *   D:2 (


Innate Abilities, Weirdness & Mutations

You can breathe blasts of fire.
Your fiery red scales are hard. (AC +6)
You cannot fit into any form of body armour.
Your flesh is heat resistant. (rF+)
You are cold-blooded and may be slowed by cold attacks.


Message History

The wight closely misses you. The wight completely misses you.
You closely miss the wight. You tail-slap the wight.
The wight is almost destroyed.
The wight misses you. x2
You barely miss the wight.
The wight is almost destroyed.
You closely miss the wight.
The wight is almost destroyed.
The wight closely misses you.
The wight hits you with a +0 long sword!
You feel drained.
You puncture the wight!
You destroy the wight!
Trog accepts your kill. The wight misses you.
Your Fighting skill increases to level 7!
You closely miss the wight.
The wight is severely damaged.
You are no longer berserk.
You are exhausted.
You feel yourself slow down.
You hit the wight but do no damage.
The wight is severely damaged.
The wight hits you with a +1 battleaxe.
You feel drained.
You hit the wight but do no damage.
The wight is severely damaged.
The wight hits you but does no damage. The wight completely misses you.
You hit the wight but do no damage.
The wight is severely damaged.
The wight hits you with a +1 battleaxe!
You feel drained.
You barely miss the wight.
You tail-slap the wight, but do no damage.
The wight is severely damaged.
The wight misses you.
You hit the wight but do no damage. You tail-slap the wight.
The wight is almost destroyed.
The wight hits you with a +1 battleaxe!
* * * LOW HITPOINT WARNING * * *
You feel drained.
You die...

..##. #.....#
....$. . ..
........ .....##
.. ......#..
......###
....#....# ....###
...#. ## #... ##..
#z)# .....#.@# #.
.. ........## #.#
.. #...#....####
.# #.##. #..
####..#.##
.##..... #
###......# .......
#....##..##..# #.#
##....#..#..####.#
###.......#.#
#...# ...##......#
##..##


You could see a wight.

Vanquished Creatures
  Pikel (D:4)
  Menkaure (D:4)
  Edmund (D:5)
  A water moccasin (D:5)
  A black bear (D:4)
  2 ogres (D:5)
  A lemure (D:4)
  A phantom (D:6)
  2 water moccasin skeletons (D:4)
  2 wights (D:6)
  A jelly (D:6)
  An orc priest (D:4)
  A hound (D:3)
  Terence (D:3)
  2 iguanas (D:4)
  A scorpion zombie (D:5)
  4 gnolls (D:2)
  8 adders
  A white imp (D:6)
  An ufetubus (D:6)
  An adder skeleton (D:4)
  2 worms
  2 dart slugs
  3 orcs
  7 ball pythons
  4 endoplasms
  A giant cockroach (D:2)
  7 goblins
  4 hobgoblins
  17 jackals
  6 kobolds
  6 quokkas
  6 bats
  8 frilled lizards
  3 rats (D:1)
111 creatures vanquished.

Notes
Turn   | Place    | Note
-------+----------+-------------------------------------------
     0 | D:1      | robertstho the Draconian Berserker began the quest for the
                  | Orb.
     0 | D:1      | Reached XP level 1. HP: 19/19 MP: 1/1
   436 | D:1      | Reached XP level 2. HP: 18/26 MP: 2/2
   604 | D:1      | Found a faded altar of an unknown god.
   608 | D:1      | Found Xoewoypn's General Store.
  1051 | D:1      | Reached XP level 3. HP: 33/33 MP: 3/3
  1236 | D:2      | Reached ** piety under Trog
  1274 | D:2      | Found Cihethrefi's Weapon Shoppe.
  1306 | D:2      | Reached skill level 1 in Stealth
  1307 | D:2      | Reached skill level 4 in Fighting
  1917 | D:2      | Reached XP level 4. HP: 37/40 MP: 4/4
  2716 | D:3      | Noticed Terence
  2721 | D:3      | Killed Terence
  2722 | D:3      | Reached XP level 5. HP: 47/47 MP: 5/5
  2752 | D:3      | Found a blossoming altar of Fedhas.
  2752 | D:3      | Found a sparkling altar of Nemelex Xobeh.
  3049 | D:3      | Found a hazy altar of Hepliaklqana.
  4031 | D:4      | Noticed a black bear
  4039 | D:4      | Killed a black bear
  4040 | D:4      | Reached XP level 6. HP: 53/53 MP: 6/6
  4082 | D:4      | Reached *** piety under Trog
  4091 | D:4      | Reached skill level 5 in Fighting
  4468 | D:4      | Noticed Pikel
  4529 | D:4      | Killed Pikel
  4530 | D:4      | Reached skill level 5 in Polearms
  4530 | D:4      | Reached skill level 5 in Dodging
  4530 | D:4      | Your scales start taking on a fiery red colour.
  4530 | D:4      | Reached XP level 7. HP: 32/62 MP: 7/7
  4530 | D:4      | Gained mutation: Your flesh is heat resistant. (rF+) [Red
                  | Draconian growth]
  5036 | D:4      | Noticed Menkaure
  5048 | D:4      | Killed Menkaure
  5049 | D:4      | Reached skill level 6 in Fighting
  5049 | D:4      | Reached XP level 8. HP: 15/70 MP: 8/8
  5605 | D:1      | Bought a scroll of fear for 45 gold pieces
  5605 | D:1      | Bought a potion of curing for 39 gold pieces
  5605 | D:1      | Bought a potion of might for 52 gold pieces
  5702 | D:5      | Entered Level 5 of the Dungeon
  5760 | D:5      | Found a shadowy altar of Dithmenos.
  5819 | D:5      | Noticed Edmund
  6014 | D:5      | Killed Edmund
  7120 | D:6      | Reached skill level 1 in Shields
  7331 | D:6      | Reached skill level 7 in Fighting
  7336 | D:6      | Slain by a wight

Illustrated notes

Levels and vault maps discovered:
D:1:      dpeg_arrival_stonehenge_8_columns, layout_basic,
          shapermc_ecumenical_altar_venn, serial_curves, eino_curves_03,
          eino_curves_02, serial_shops, shop, minmay_tromino_v4_a
D:2:      layout_rooms, serial_shops, shop, chequers_serial_rivers_room_b
D:3:      layout_loops_corners, lemuel_crystal_altar, jmf_multi_god_temple,
          minmay_bisected, uniq_terence
D:4:      layout_basic, kennysheep_doodads, chequers_serial_rivers_marsh,
          uniq_menkaure, uniq_pikel
D:5:      layout_rooms, kennysheep_mini_moat, columned_hall_lemuel,
          hangedman_decor_push, serial_bayou_lagoon_a, uniq_edmund
D:6:      layout_cave_pools, minmay_temple_entry_proselytizer, uniq_maggie

Skill      XL: |  1  2  3  4  5  6  7  8 |
---------------+-------------------------+-----
Dodging        | 3 4 5 6 |  6.1
Stealth        | 1 2 3 4 |  4.1
Fighting       | 4 5 6 7 |  7.0
Polearms       | 4 5 6 |  6.5
Shields        | 1 |  1.0

Action                   |  1- 3 |  4- 6 |  7- 9 || total
-------------------------+-------+-------+-------++-------
Melee: Spear             |   129 |   206 |   150 ||   485
       Tailslap          |     9 |    27 |    25 ||    61
Invok: Berserk           |     5 |     5 |     7 ||    17
       Trog's Hand       |       |     1 |       ||     1
  Use: Scroll            |       |       |     6 ||     6
 Stab: Sleeping          |     3 |     2 |     5 ||    10
Armor: Skin              |    40 |    56 |    23 ||   119
Dodge: Dodged            |    84 |   119 |    73 ||   276
Block: Buckler           |       |     7 |    14 ||    21

Table legend: (Time is in decaauts)
 A = Elapsed time spent in this place.
 B = Non-inter-level travel time spent in this place.
 C = Inter-level travel time spent in this place.
 D = Time resting spent in this place.
 E = Time spent auto-exploring this place.
 F = Levels seen in this place.
 G = Mean time per level.
                   A        B        C        D        E       F      G
               +--------+--------+--------+--------+--------+-----+--------+
         Total |   7467 |   7107 |    360 |   1564 |   4589 |   6 | 1244.5 |
       Dungeon |   7467 |   7107 |    360 |   1564 |   4589 |   6 | 1244.5 |
               +--------+--------+--------+--------+--------+-----+--------+

Top non-repeatable levels by time:
     D:4: 1582 daAuts
     D:1: 1547 daAuts
     D:3: 1532 daAuts
     D:5: 1527 daAuts
     D:2: 1126 daAuts
     D:6: 151 daAuts
